 Dungeon Crawl Stone Soup version 0.31-a0-795-g5eb97db20b (webtiles) character file.

Game seed: 2283782903122116378

349 Maratek the Grave Robber (level 6, 0/42 HPs)
             Began as a Mummy Necromancer on Sept 15, 2023.
             Slain by Crazy Yiuf
             ... wielding a +2 quarterstaff of chaos
              (4 damage)
             ... on level 3 of the Dungeon on Sept 18, 2023.
             The game lasted 00:08:01 (2609 turns).

Maratek the Grave Robber (Mummy Necromancer)        Turns: 2609, Time: 00:08:01

Health: 0/42       AC:  2    Str: 11    XL:     6   Next: 33%
Magic:  14/14      EV: 12    Int: 16    God:
Gold:   93         SH:  0    Dex: 13    Spells: 15/16 levels left

rFire   x . .        c - +4 short sword (elec)
rCold   + . .        (no shield)
rNeg    + + +        a - +0 robe
rPois   ∞            (no helmet)
rElec   .            (no cloak)
rCorr   .            (no gloves)
SInv    .            (no boots)
Will    .....        (no amulet)
Stlth   +            (no ring)
HPRegen 0.27/turn    (no ring)
MPRegen 0.14/turn

%: faith
@: confused, mighty
A: cold resistance 1, negative energy resistance 3, torment resistance 2, heat
vulnerability 1, in touch with death 1, no potions, faith
a: no special abilities


You were on level 3 of the Dungeon.
You visited 1 branch of the dungeon, and saw 3 of its levels.

You collected 93 gold pieces.

Inventory:

Hand Weapons
 c - a +4 short sword of electrocution (weapon)
Armour
 a - a +0 robe (worn)
Wands
 d - a wand of quicksilver (4)
Scrolls
 b - a scroll of amnesia
 e - a scroll of blinking {unknown}
 f - 2 scrolls of identify
 g - a scroll of brand weapon {unknown}
 h - a scroll of enchant armour {unknown}


   Skills:
 + Level 0.5 Fighting
 + Level 1.0 Short Blades
 + Level 1.7 Dodging
 + Level 1.6 Stealth
 + Level 5.8 Spellcasting
 + Level 5.9 Necromancy


You had 15 spell levels left.
You knew the following spells:

 Your Spells              Type           Power      Damage    Failure   Level
a - Necrotise             Necr           100%       1d9       1%          1

Your spell library contained the following spells:

 Spells                   Type           Power      Damage    Failure   Level
 Vampiric Draining        Necr           35%        2d8       3%          3
 Animate Dead             Necr           35%        N/A       12%         4
 Blink                    Tloc           8%         N/A       22%         2
 Lesser Beckoning         Tloc           8%         N/A       22%         2
 Momentum Strike          Conj/Tloc      8%         3d8       22%         2
 Agony                    Necr           35%        N/A       32%         5
 Frozen Ramparts          Ice            8%         1d2       38%         3
 Gell's Gravitas          Tloc           4%         N/A       38%         3
 Teleport Other           Tloc           4%         N/A       38%         3
 Petrify                  Tmut/Erth      4%         N/A       80%         4
 Iskenderun's Battlesphe  Conj           4%         2d6       98%         5
 Metabolic Englaciation   Hex/Ice        2%         N/A       98%         5
 Dispersal                Tloc           2%         N/A       100%        6
 Leda's Unmaking          Conj/Erth      2%         9d1       100%        6
 Spellforged Servitor     Conj/Summ      2%         N/A       100%        7


Dungeon Overview and Level Annotations

Branches:
Dungeon (3/15)

Altars:
Vehumet
Xom

Annotations:
D:3 Crazy Yiuf


Innate Abilities, Weirdness & Mutations

You are immune to poison.
Your flesh is cold resistant. (rC+)
You are immune to negative energy. (rN+++)
You are immune to unholy pain and torment.
You are vulnerable to heat. (rF-)
You are in touch with the powers of death.
You do not drink.
You have a special connection with the divine. (Faith)


Message History

Welcome back, Maratek the Mummy Necromancer.
Press ? for a list of commands and other information.
An adder is nearby!
An adder is nearby!
An adder is nearby!
You see here a +0 war axe.
You enter the shallow water.
Moving in this stuff is going to be slow.
You enter the shallow water.
Moving in this stuff is going to be slow.
You enter the shallow water.
Moving in this stuff is going to be slow.
You enter the shallow water.
Moving in this stuff is going to be slow.
There is a stone staircase leading up here.
Crazy Yiuf shouts!
Crazy Yiuf cries, "Cod Hive action!"
Could not explore, unopened runed door.
Could not explore, unopened runed door.
You open the door. You closely miss Crazy Yiuf.
Crazy Yiuf hits you with a +2 quarterstaff of chaos.
You are confused.
You closely miss Crazy Yiuf.
Crazy Yiuf whimpers, "Ten poople agre!"
Crazy Yiuf hits you with a +2 quarterstaff of chaos!
You are electrocuted!
You hit Crazy Yiuf.
Crazy Yiuf is lightly wounded.
Crazy Yiuf hits you with a +2 quarterstaff of chaos!
* * * LOW HITPOINT WARNING * * *
You feel very mighty all of a sudden.
You miss Crazy Yiuf.
Crazy Yiuf is lightly wounded.
Crazy Yiuf barely misses you.
You bump into the rock wall.
Crazy Yiuf hits you but does no damage.
You bump into the rock wall.
Crazy Yiuf barely misses you.
You bump into the rock wall.
Crazy Yiuf hits you with a +2 quarterstaff of chaos.
You die...

#.####..#####.#
#.#........##.# ###
#.#.##..##.##.#
..###...###########
.....##.#
#.##.##.#######
............#.### ###
.###.##......#..##...#
.#<.........####@g...#
..........### ###..)#
.#......### ###
##......# #......#
#......## ####
#.......# #..#
####.####### #.##
###### #..........#
#.# ##^~≈###


You could see Crazy Yiuf.

Vanquished Creatures
  Jessica (D:3)
  Terence (D:2)
  Robin (D:3)
  An adder (D:2)
  3 worms (D:3)
  2 orcs (D:3)
  4 ball pythons
  3 endoplasms
  2 giant cockroaches
  14 goblins
  8 hobgoblins
  2 jackals (D:1)
  6 quokkas
  3 bats
  4 frilled lizards
  2 kobolds
  2 rats
59 creatures vanquished.

Vanquished Creatures (collateral kills)
  Grinder (D:3)
  A worm (D:3)
  A bat (D:1)
  2 goblins (D:3)
  A kobold (D:1)
6 creatures vanquished.

Grand Total: 65 creatures vanquished

Notes
Turn   | Place    | Note
-------+----------+-------------------------------------------
     0 | D:1      | Maratek the Mummy Necromancer began the quest for the Orb.
     0 | D:1      | Reached XP level 1. HP: 13/13 MP: 4/4
   257 | D:1      | Reached XP level 2. HP: 19/19 MP: 4/6
   358 | D:1      | Found a faded altar of an unknown god.
   826 | D:2      | Noticed Terence
   831 | D:2      | Killed Terence
   832 | D:2      | Reached XP level 3. HP: 24/24 MP: 1/8
  1203 | D:2      | Found a radiant altar of Vehumet.
  1397 | D:3      | Reached XP level 4. HP: 24/30 MP: 7/10
  1397 | D:3      | Found a shimmering altar of Xom.
  1601 | D:3      | Found a runed translucent door.
  1602 | D:3      | Noticed Crazy Yiuf
  1628 | D:3      | Noticed Jessica
  1628 | D:3      | Noticed Grinder
  1640 | D:3      | Killed Jessica
  1641 | D:3      | Reached skill level 5 in Necromancy
  1663 | D:3      | Killed Grinder
  1664 | D:3      | Reached skill level 5 in Spellcasting
  1664 | D:3      | Reached XP level 5. HP: 21/36 MP: 5/13
  1664 | D:3      | Reached XP level 6. HP: 25/42 MP: 5/14
  1957 | D:3      | Noticed Robin
  1981 | D:3      | Killed Robin
  2003 | D:3      | Reached skill level 1 in Short Blades
  2525 | D:3      | Upgraded the game from 0.31-a0-765-g67fe2935dc to
                  | 0.31-a0-795-g5eb97db20b
  2609 | D:3      | Slain by Crazy Yiuf

Illustrated notes

Levels and vault maps discovered:
D:1:      scummos_arrival_hexagon, layout_basic,
          hellmonk_ecumenical_altar_lost_god, minmay_hexomino_u4
D:2:      layout_basic, basic_altar, minmay_between, uniq_terence
D:3:      layout_loops_cross, tgw_xom, st_stairs_5, uniq_grinder, uniq_robin,
          uniq_jessica, uniq_crazy_yiuf_cottage

Skill      XL: |  1  2  3  4  5  6 |
---------------+-------------------+-----
Spellcasting   | 3 4 5 |  5.8
Necromancy     | 5 |  5.9
Short Blades   | 1 |  1.0
Fighting       | |  0.5
Dodging        | |  1.7
Stealth        | |  1.6

Action                     |  1- 3 |  4- 6 || total
---------------------------+-------+-------++-------
  Melee: Unarmed           |     6 |       ||     6
         Short sword       |     5 |    15 ||    20
   Cast: Necrotise         |    49 |    54 ||   103
    Use: Scroll            |     2 |       ||     2
   Stab: Sleeping          |       |     1 ||     1
 Armour: Robe              |    13 |    28 ||    41
  Dodge: Dodged            |    15 |    19 ||    34

Table legend: (Time is in decaauts)
 A = Elapsed time spent in this place.
 B = Non-inter-level travel time spent in this place.
 C = Inter-level travel time spent in this place.
 D = Time resting spent in this place.
 E = Time spent auto-exploring this place.
 F = Levels seen in this place.
 G = Mean time per level.
                   A        B        C        D        E       F      G
               +--------+--------+--------+--------+--------+-----+--------+
         Total |   2613 |   2579 |     34 |     80 |   2140 |   3 |  871.0 |
       Dungeon |   2613 |   2579 |     34 |     80 |   2140 |   3 |  871.0 |
               +--------+--------+--------+--------+--------+-----+--------+

Top non-repeatable levels by time:
     D:3: 1236 daAuts
     D:1: 826 daAuts
     D:2: 551 daAuts
